 Dungeon Crawl Stone Soup version 0.25-a0-565-g8875c97ebb (webtiles) character file.

Game seed: 16607773458601008760, levelgen mode: deterministic

30 Leibowitz the Cutter (level 3, 0/21 HPs)
             Began as a Kobold Gladiator on Feb 26, 2020.
             Slain by a worm (4 damage)
             ... on level 2 of the Dungeon.
             The game lasted 00:01:41 (1294 turns).

Leibowitz the Cutter (Kobold Gladiator)             Turns: 1294, Time: 00:01:42

Health: 0/21       AC:  5    Str: 11    XL:     3   Next: 37%
Magic:  3/3        EV: 16    Int:  9    God:
Gold:   25         SH:  0    Dex: 17    Spells: 2/2 levels left

rFire    . . .     SeeInvis .   a - +0 rapier
rCold    . . .     Gourm    .   (shield restricted)
rNeg     . . .     Faith    .   b - +0 leather armour
rPois    .         Spirit   .   c - +0 helmet
rElec    .         Reflect  .   (no cloak)
rCorr    .         Harm     .   (no gloves)
MR       .....                  (no boots)
Stlth    +.........             (no amulet)
HPRegen  0.07/turn              n - +1 ring of protection
MPRegen  0.08/turn              (no ring)

@: no status effects
A: small, carnivore
a: no special abilities


You were on level 2 of the Dungeon.
You were completely stuffed.

You visited 1 branch of the dungeon, and saw 2 of its levels.

You collected 25 gold pieces.

Inventory:

Hand Weapons
 a - a +0 rapier (weapon)
Missiles
 d - 3 throwing nets (quivered)
Armour
 b - a +0 leather armour (worn)
 c - a +0 helmet (worn)
Jewellery
 n - a +1 ring of protection (left hand)
Scrolls
 e - 3 scrolls of identify {unknown}
 g - 4 scrolls of remove curse {unknown}
 j - a scroll of blinking {unknown}
Potions
 h - 2 potions of brilliance {unknown}
 i - a potion of berserk rage {unknown}
 k - a potion of degeneration {unknown}
 l - a potion of flight {unknown}
 m - 2 potions of stabbing {unknown}
Comestibles
 f - 2 rations


   Skills:
 + Level 2.2 Fighting
 + Level 4.9 Short Blades
 + Level 2.2 Throwing
 + Level 0.2 Armour
 + Level 4.2 Dodging


You had 2 spell levels left.
You didn't know any spells.
Your spell library was empty.

Dungeon Overview and Level Annotations

Branches:
Dungeon (2/15)

Altars:


Innate Abilities, Weirdness & Mutations

You are small and have problems with some larger weapons.
You are carnivorous and can eat meat at any time.


Message History

The worm bites you!
Ouch! That really hurt!
You barely miss the worm.
The worm is lightly wounded.
You hit the worm.
The worm is heavily wounded.
The bat closely misses you. The worm bites you but does no damage.
You hit the worm.
The worm is heavily wounded.
The bat closely misses you.
You hit the worm.
The worm is severely wounded.
The bat closely misses you. The worm bites you.
* * * LOW HITPOINT WARNING * * *
You hit the worm.
The worm is almost dead.
The bat hits you.
* * * LOW HITPOINT WARNING * * *
The worm bites you.
You die...

.# ## #..# # #.
.).# #.
##.##...# #
#..#...#...##.#
##.$.....).....
......†b#.>$#
........w...#
........@..##
.....#.##.##
.... #. .# ###
#. ## .. ##


You could see a worm and a bat.

Vanquished Creatures
  An adder (D:2)
  A dart slug (D:1)
  A giant cockroach (D:1)
  6 hobgoblins (D:1)
  2 jackals (D:1)
  2 bats (D:1)
  A goblin (D:1)
  2 kobolds (D:1)
  3 rats (D:1)
19 creatures vanquished.

Notes
Turn   | Place    | Note
-------+----------+-------------------------------------------
     0 | D:1      | Leibowitz the Kobold Gladiator began the quest for the Orb.
     0 | D:1      | Reached XP level 1. HP: 12/12 MP: 1/1
   272 | D:1      | Reached XP level 2. HP: 9/17 MP: 2/2
  1002 | D:1      | Reached XP level 3. HP: 21/21 MP: 3/3
  1294 | D:2      | Slain by a worm

Levels and vault maps discovered:
D:1:      doesnt_arrival_eight_statues, layout_loops_ring, minivault_24,
          chequers_arboretum
D:2:      layout_loops_ring, gammafunk_temple_overflow_forgotten

Skill      XL: |  1  2 |
---------------+-------+-----
Dodging        | 4 |  4.2
Fighting       | |  2.2
Short Blades   | |  4.9
Throwing       | |  2.2
Armour         | |  0.2

Action                   || total
-------------------------++-------
Melee: Rapier            ||    69
 Stab: Sleeping          ||     1
  Eat: Chunk             ||    10
Armor: Leather armour    ||    10
Dodge: Dodged            ||    54

Table legend:
 A = Non-vault XP
 B = Vault XP
 C = Vault XP percentage of total XP
 D = Non-vault monster count
 E = Vault monster count
 F = Vault count percentage of total count
                 A         B        C        D         E       F
            +---------+---------+-------+---------+---------+-------
      Total |      44 |       0 |   0.0 |      19 |       0 |   0.0
            +---------+---------+-------+---------+---------+-------
        D:1 |      31 |       0 |   0.0 |      18 |       0 |   0.0
        D:2 |      13 |       0 |   0.0 |       1 |       0 |   0.0
            +---------+---------+-------+---------+---------+-------
